 Dungeon Crawl Stone Soup version 0.20.1-1-g8b1a95d (webtiles) character file.

179 vishdafish the Sneak (level 5, -7/35 HPs)
             Began as a Vampire Enchanter on July 15, 2017.
             Mangled by a hornet zombie (13 damage)
             ... on level 4 of the Dungeon.
             The game lasted 00:06:20 (2773 turns).

vishdafish the Sneak (Vampire Enchanter)            Turns: 2773, Time: 00:06:24

Health: -7/35      AC:  0    Str:  7    XL:     5   Next: 33%
Magic:  6/8        EV: 21    Int: 19    God:
Gold:   208        SH:  0    Dex: 19    Spells: 7/8 levels left

rFire    . . .     SeeInvis +   (weapon currently unavailable)
rCold    + . .     Gourm    .   (shield currently unavailable)
rNeg     + + .     Faith    .   (armour currently unavailable)
rPois    +         Spirit   .   (helmet currently unavailable)
rElec    .         Reflect  .   (cloak currently unavailable)
rCorr    .         Harm     .   (gloves currently unavailable)
MR       .....                  (boots currently unavailable)
Stlth    +++++.....             f - amulet of regeneration
Regen    0.3/turn               (ring currently unavailable)
MPRegen  0.2/turn               (ring currently unavailable)

@: bat-form, flying, regenerating slowly, very quick
A: fangs 3, see invisible
a: End Transformation


You were on level 4 of the Dungeon.
You were very thirsty.
You were in vampire-bat-form.
You visited 1 branch of the dungeon, and saw 4 of its levels.

You collected 208 gold pieces.

Inventory:

Hand Weapons
 l - a +1 dagger of freezing
 o - a +1 dagger of venom (melded)
Missiles
 k - 2 throwing nets (quivered)
Armour
 b - a +0 robe (melded)
Jewellery
 f - an amulet of regeneration (around neck)
Scrolls
 h - 2 scrolls of enchant weapon
 i - a scroll of immolation
 j - a scroll of identify
 m - a scroll of blinking {unknown}
 r - a scroll of fog {unknown}
Potions
 a - a potion of heal wounds {unknown}
 d - 21 potions of blood
 e - a potion of brilliance {unknown}
 g - 2 potions of degeneration {unknown}
 n - a potion of agility
 p - a potion of haste {unknown}
 q - a potion of cancellation {unknown}
 s - a potion of lignification {unknown}
Books
 c - a book of Maledictions

   Spells                             Type                      Level
   a - Corona                         Hexes                        1
   b - Ensorcelled Hibernation        Hexes/Ice                    2
   c - Confuse                        Hexes                        3
   d - Tukima's Dance                 Hexes                        3
   e - Dazzling Spray                 Conjuration/Hexes            3


   Skills:
 * Level 3.6 Short Blades
 + Level 3.2 Dodging
 * Level 6.0 Stealth
 - Level 2.0 Spellcasting
 + Level 5.4 Hexes


You had 7 spell levels left.
You knew the following spells:

 Your Spells              Type           Power        Failure   Level  Hunger
a - Corona                Hex            ###....      1%          1    #......


Dungeon Overview and Level Annotations

Branches:
Dungeon (4/15)
 Temple: D:4-7

Altars:
Fedhas


Innate Abilities, Weirdness & Mutations

You heal slowly.
You have razor-sharp teeth.
You have supernaturally acute eyesight. (SInv)
((You can survive without breathing.))


Message History

The hornet zombie is severely damaged.
The hornet zombie closely misses you.
You hit the hornet zombie but do no damage.
The hornet zombie is severely damaged.
The hornet zombie completely misses you.
You hit the hornet zombie.
The hornet zombie is severely damaged.
The hornet zombie barely misses you.
You hit the hornet zombie but do no damage.
The hornet zombie is severely damaged.
The hornet zombie hits you!
* * * LOW HITPOINT WARNING * * *
You fail to use your ability.
The hornet zombie barely misses you.
You turn into a vampire bat.
Your +1 dagger of venom melds into your body.
Your +0 robe melds into your body.
Your +1 dagger of venom stops dripping with poison.
The hornet zombie completely misses you.
The hornet zombie hits you!
You die...

##+## # #.# ##...##
# #.## ##.....###
#..## ##.......##
#...####.........#
...... +.........'
#...# #.........#
#.Z# ##.......##
#b## #####.....##
#..# #.........#
###.###.##++###.#
#......##≈..≈##.#
#.#.####≈≈..≈≈###
#.#...#≈≈....≈≈####
#.###.+....♣...'...
#.....+...♣....'.##
#######≈≈....≈≈####


You could see a hornet zombie.

Vanquished Creatures
  An orc priest (D:3)
  A worker ant (D:4)
  2 adders
  A gnoll (D:1)
  2 worms (D:2)
  3 dart slugs
  2 leopard geckos (D:1)
  11 orcs (D:3)
  10 bats
  5 giant cockroaches
  10 goblins
  4 hobgoblins
  2 jackals (D:3)
  3 quokkas (D:3)
  A ball python (D:4)
  3 frilled lizards
  9 kobolds
  A leopard gecko skeleton (D:4)
  5 rats
76 creatures vanquished.

Notes
Turn   | Place    | Note
-------+----------+-------------------------------------------
     0 | D:1      | vishdafish the Vampire Enchanter began the quest for the Orb.
     0 | D:1      | Reached XP level 1. HP: 13/13 MP: 3/3
   256 | D:1      | Reached XP level 2. HP: 19/19 MP: 5/5
   580 | D:1      | Reached XP level 3. HP: 24/24 MP: 6/6
   805 | D:1      | Reached skill level 5 in Stealth
  1225 | D:2      | Reached skill level 5 in Hexes
  1294 | D:2      | Reached XP level 4. HP: 30/30 MP: 7/7
  1882 | D:3      | Reached XP level 5. HP: 20/35 MP: 8/8
  2122 | D:3      | Found a blossoming altar of Fedhas.
  2670 | D:4      | Reached skill level 6 in Stealth
  2773 | D:4      | Mangled by a hornet zombie

Skill      XL: |  1  2  3  4  5 |
---------------+----------------+-----
Short Blades   | 2 3 |  3.6
Stealth        | 5 6 |  6.0
Hexes          | 5 |  5.4
Dodging        | 3 |  3.2
Spellcasting   | |  2.0

Action                   |  1- 3 |  4- 6 || total
-------------------------+-------+-------++-------
Melee: Dagger            |   122 |   133 ||   255
       Bite              |     9 |    10 ||    19
 Abil: Bat Form          |       |     4 ||     4
       End Transformatio |       |     3 ||     3
  Use: Scroll            |     4 |       ||     4
       Potion            |       |     2 ||     2
 Stab: Sleeping          |    12 |    11 ||    23
Armor: Robe              |    26 |     9 ||    35
Dodge: Dodged            |    78 |    81 ||   159
